 Dungeon Crawl Stone Soup version 0.28-a0-1616-g050a50673c (webtiles) character file.

Game seed: 9526849466326771695

2828 soggyman666 the Nimble (level 10, 0/60 HPs)
             Began as a Djinni Fire Elementalist on Jan 22, 2022.
             Was an Initiate of Ashenzari.
             Slain by a black bear (2 damage)
             ... on level 7 of the Dungeon.
             The game lasted 00:25:33 (9101 turns).

soggyman666 the Nimble (Djinni Fire Elementalist)   Turns: 9101, Time: 00:25:34

Health: 0/60       AC:  4    Str:  7    XL:     10   Next: 3%
Gold:   347        EV: 19    Int: 21    God:    Ashenzari [......] SH:  0 Dex: 14

rFire   + + .      SeeInvis .   (no weapon)
rCold   x . .      Faith    .   (no shield)
rNeg    . . .      Spirit   .   a - +0 robe
rPois   ∞          Reflect  .   l - +0 helmet
rElec   .          Harm     .   h - +0 cloak
rCorr   .          Rampage  .   (no gloves)
Will    +....                   (boots unavailable)
Stlth   ++........              (no amulet)
HPRegen 0.20/turn               (no ring)
MPRegen 0.00/turn               (no ring)

@: about to teleport, flying
A: sickness immunity, fire resistance 2, cold vulnerability 1, float, innate
caster, hp casting, extra vitality 1
a: Renounce Religion


You were on level 7 of the Dungeon.
You worshipped Ashenzari.
Ashenzari was noncommittal.
You visited 2 branches of the dungeon, and saw 8 of its levels.

You collected 443 gold pieces.
You spent 96 gold pieces at shops.

Inventory:

Armour
 a - a +0 robe (worn)
 h - a +0 cloak (worn)
 l - a +0 helmet (worn)
Wands
 m - a wand of digging (4)
 p - a wand of polymorph (13)
 r - a wand of iceblast (8)
Scrolls
 d - 3 scrolls of teleportation
 e - a scroll of fog
 f - a scroll of enchant weapon
Potions
 b - 4 potions of heal wounds
 c - 2 potions of invisibility
 g - 2 potions of attraction {unknown}
 i - 4 potions of haste
 j - 2 potions of curing {unknown}
 k - a potion of brilliance {unknown}
 n - a potion of degeneration {unknown}
 o - 2 potions of lignification {unknown}
 q - 3 potions of might {unknown}


   Skills:
 * Level 14.8 Dodging
 - Level 2.4 Stealth
 - Level 6.4 Spellcasting


You couldn't memorise any spells.
You knew the following spells:

 Your Spells              Type           Power      Damage    Failure   Level
a - Foxfire               Conj/Fire      100%       2x1d9     1%          1
b - Scorch                Fire           66%        2d8       1%          2
c - Conjure Flame         Conj/Fire      33%        6-21      1%          3
d - Inner Flame           Hex/Fire       33%        N/A       1%          3
e - Flame Wave            Conj/Fire      33%        2d8       7%          4
f - Shock                 Conj/Air       100%       1d9       1%          1
g - Ensorcelled Hibernat  Hex/Ice        66%        N/A       1%          2
h - Searing Ray           Conj           66%        2d6       1%          2
i - Passage of Golubria   Tloc           33%        N/A       7%          4
Your spell library was empty.

Dungeon Overview and Level Annotations

Branches:
Dungeon (7/15)             Temple (1/1) D:7

Altars:
Ashenzari
Cheibriados
Dithmenos
Elyvilon
Fedhas
Gozag
Hepliaklqana
Kikubaaqudgha
Makhleb
Nemelex Xobeh
Okawaru
Qazlal
Ru
Sif Muna
Trog
Uskayaw
Vehumet
Wu Jian
Xom
Yredelemnul
Zin
The Shining One

Shops:
D:5 *!*   D:6 *


Innate Abilities, Weirdness & Mutations

You are immune to sickness and miasma.
You are immune to poison.
Your flesh is very heat resistant. (rF++)
You are vulnerable to cold. (rC-)
You float through the air rather than walking.
You learn spells naturally, not from books.
Your magical power is your life essence.
You have superior vitality. (+4 MHP)


Message History

Casting: Scorch (safe; 1% risk of failure)
Confirm with . or Enter, or press ? or * to list all spells.
Flames lash the troll.
The troll is burned terribly!
The troll is moderately wounded.
The black bear bites you. The black bear claws you. The black bear misses you.
Casting: Scorch (safe; 1% risk of failure)
Confirm with . or Enter, or press ? or * to list all spells.
Flames lash the troll.
The troll is burned terribly!
The troll is severely wounded.
The black bear closely misses you.
The black bear claws you but does no damage.
The black bear misses you.
You conjure some foxfire!
You conjure some foxfire!
The foxfire hits the troll but does no damage.
The troll is heavily wounded.
The foxfire hits the black bear!
The black bear is moderately wounded.
The black bear bites you. The black bear barely misses you. x2
You conjure some foxfire!
The foxfire hits the troll!
The troll is burned terribly!
The troll is almost dead.
The foxfire hits the troll.
The troll is burned terribly!
The troll is almost dead.
The black bear completely misses you. The black bear barely misses you.
The black bear claws you. The troll completely misses you. The troll claws you!
The troll barely misses you.
As you read the scroll of teleportation, it crumbles to dust.
You feel strangely unstable.
The foxfire hits the black bear.
The black bear is moderately wounded.
The foxfire hits the troll.
The troll is burned terribly!
You kill the troll!
The black bear bites you!
* * * LOW HITPOINT WARNING * * *
The black bear barely misses you. The black bear misses you.
The iguana bites you!
* * * LOW HITPOINT WARNING * * *
You have reached level 10!
The black bear closely misses you. The black bear claws you.
You die...

### ###.###..## ..##
##...†.##..## #..##
##..#.#..##..#
##..#########..##.##..##.#
(#...#....)#..#.....#..#.#
.....#.#.#.#.##.....##.#.#####
..........([...........#.....#
#....#..#..#.##.hl..##.#..##.#
#(...#.....#..#.@...# #..##.#
##..#########..##.##..##.###.#
...##.......##..#.# .##..# #.#
..##.......).##.... ##..####(#
###..#.#..##..#######..........
.......#..###.........#.##.....
..........###.#......##.# #...
##......................# ##
......#######.#.....#####


You could see a black bear and an iguana.

Vanquished Creatures
  A troll (D:7)
  A meliai zombie (D:7)
  A steam dragon (D:7)
  A water moccasin (D:7)
  2 sky beasts
  An orc warrior (D:7)
  An ice beast (D:5)
  2 black bears (D:6)
  A necrophage (D:7)
  2 centaurs (D:7)
  2 ogres
  A phantom (D:6)
  2 kobold brigands
  3 bullfrogs (D:7)
  A scorpion (D:7)
  A wyvern skeleton (D:6)
  2 hounds
  A jelly (D:4)
  2 gnoll shamans
  2 centaur skeletons
  4 iguanas
  A scorpion zombie (D:5)
  2 orc wizards
  Natasha (D:4)
  A killer bee zombie (D:6)
  A howler monkey zombie (D:7)
  Robin (D:4)
  7 gnolls
  A howler monkey skeleton (D:5)
  6 adders
  3 white imps (D:7)
  3 ufetubi
  3 worms
  18 orcs
  2 ball pythons (D:4)
  3 bats
  3 endoplasms
  3 giant cockroaches
  9 goblins
  12 hobgoblins
  A quokka (D:1)
  A ball python skeleton (D:3)
  3 frilled lizards
  12 kobolds
  3 rats
134 creatures vanquished.

Vanquished Creatures (others)
  491 foxfires
491 creatures vanquished.

Grand Total: 625 creatures vanquished

Notes
Turn   | Place    | Note
-------+----------+-------------------------------------------
     0 | D:1      | soggyman666 the Djinni Fire Elementalist began the quest
                  | for the Orb.
     0 | D:1      | Reached XP level 1. HP: 15/15 MP: 0/0
   433 | D:1      | Reached XP level 2. HP: 19/21 MP: 0/0
   828 | D:1      | Reached XP level 3. HP: 16/25 MP: 0/0
   828 | D:1      | Learned a level 1 spell: Shock
  1651 | D:2      | You are sucked into a shaft and drop 1 floor!
  1773 | D:3      | Reached XP level 4. HP: 28/31 MP: 0/0
  2506 | D:3      | Identified the +3 falchion of Fane {elec, Will+}
  3208 | D:4      | Reached XP level 5. HP: 20/35 MP: 0/0
  3208 | D:4      | Learned a level 2 spell: Ensorcelled Hibernation
  3485 | D:4      | Reached XP level 6. HP: 35/40 MP: 0/0
  3602 | D:4      | Noticed a sky beast
  3609 | D:4      | Killed a sky beast
  3610 | D:4      | Reached skill level 5 in Spellcasting
  3698 | D:4      | Noticed Robin
  3856 | D:4      | Killed Robin
  4053 | D:4      | Noticed an ogre
  4065 | D:4      | Killed an ogre
  4066 | D:4      | Reached XP level 7. HP: 32/45 MP: 0/0
  4066 | D:4      | Learned a level 2 spell: Searing Ray
  4067 | D:4      | Noticed Natasha
  4071 | D:4      | Killed Natasha
  4820 | D:5      | Entered Level 5 of the Dungeon
  4820 | D:5      | Found Ymmoutud's Distillery.
  4823 | D:5      | Bought a potion of invisibility for 88 gold pieces
  5294 | D:5      | Found Uvuusiez's General Store.
  5308 | D:5      | Reached skill level 3 in Dodging
  5463 | D:5      | Reached XP level 8. HP: 40/50 MP: 0/0
  5555 | D:5      | Identified a scroll of acquirement
  5556 | D:5      | Acquired a manual of Dodging
  5577 | D:5      | Found a snail-covered altar of Cheibriados.
  5593 | D:5      | Found Ankoatt's General Store.
  5628 | D:5      | Found a white marble altar of Elyvilon.
  6001 | D:6      | Reached skill level 4 in Dodging
  6015 | D:6      | Reached skill level 6 in Dodging
  6437 | D:6      | Reached skill level 7 in Dodging
  6520 | D:6      | Reached skill level 8 in Dodging
  6698 | D:6      | Reached skill level 9 in Dodging
  6792 | D:6      | Found Lebilat's CLEARANCE SALE!.
  6799 | D:6      | Bought a scroll of identify for 8 gold pieces
  6967 | D:7      | Reached skill level 10 in Dodging
  6967 | D:7      | Reached XP level 9. HP: 47/55 MP: 0/0
  6967 | D:7      | Learned a level 4 spell: Passage of Golubria
  7110 | D:7      | Reached skill level 11 in Dodging
  7269 | D:7      | Reached skill level 12 in Dodging
  7396 | D:7      | Reached skill level 13 in Dodging
  7488 | D:7      | Found a burning altar of Makhleb.
  7786 | D:7      | Reached skill level 14 in Dodging
  8111 | D:7      | Found a staircase to the Ecumenical Temple.
  8249 | Temple   | Entered the Ecumenical Temple
  8451 | Temple   | Became a worshipper of Ashenzari the Shackled
  9074 | D:7      | Noticed a troll
  9098 | D:7      | Killed a troll
  9098 | D:7      | HP: 1/55 [iguana (8)]
  9099 | D:7      | Reached XP level 10. HP: 1/60 MP: 0/0
  9101 | D:7      | Slain by a black bear

Illustrated notes

Levels and vault maps discovered:
D:1:      dpeg_arrival_brainrot, layout_basic, chequers_serial_rivers_room_b
D:2:      layout_basic, shapermc_ecumenical_altar_venn, chequers_arboretum
D:3:      layout_loops_cross, st_stairs_4, kennysheep_minor_cross
D:4:      cheibrodos_thug_alley, layout_basic, uniq_robin, uniq_natasha
D:5:      layout_loops_cross, mainiacjoe_overflow_catch_the_wave, serial_shops,
          nicolae_stop_n_shop_2, nicolae_stop_n_shop_2, nicolae_take_the_stairs,
          nrook_campfire
D:6:      layout_gridville, minmay_fountain_box, mrwooster_statue_mirror,
          nicolae_shop_clearance
D:7:      minmay_the_grid_octo_tiled_octocenter
          [minmay_the_grid_octo_vomiting_pacman,
          minmay_the_grid_octo_tetromino_candy, minmay_the_grid_octo_horde,
          minmay_the_grid_octo_thin_diamonds, minmay_the_grid_octo_prize_big_c,
          minmay_the_grid_square_5x5_intrusive_squares,
          minmay_the_grid_square_5x5_three_walls,
          minmay_the_grid_square_5x5_inset, minmay_the_grid_square_5x5_mess],
          layout_loops_ring, minmay_temple_entry_poolview,
          kennysheep_generic_room_10
Temple:   mainiacjoe_temple_cubbyholes

Skill      XL: |  1  2  3  4  5  6  7  8  9 |
---------------+----------------------------+-----
Spellcasting   | 3 4 5 6 |  6.4
Stealth        | 2 |  2.4
Dodging        | 3 10 14 | 14.8

Action                   |  1- 3 |  4- 6 |  7- 9 | 10-12 || total
-------------------------+-------+-------+-------+-------++-------
 Cast: Foxfire           |    73 |    75 |   157 |       ||   305
       Scorch            |     4 |    26 |    63 |       ||    93
       Shock             |     2 |    15 |    24 |       ||    41
       Conjure Flame     |       |     7 |    13 |       ||    20
       Ensorcelled Hiber |       |       |     3 |       ||     3
       Passage of Golubr |       |       |     1 |       ||     1
  Use: Scroll            |     1 |     3 |     9 |       ||    13
Armor: Robe              |     2 |       |     2 |       ||     4
Dodge: Dodged            |     4 |     1 |    38 |     1 ||    44

Table legend: (Time is in decaauts)
 A = Elapsed time spent in this place.
 B = Non-inter-level travel time spent in this place.
 C = Inter-level travel time spent in this place.
 D = Time resting spent in this place.
 E = Time spent auto-exploring this place.
 F = Levels seen in this place.
 G = Mean time per level.
                   A        B        C        D        E       F      G
               +--------+--------+--------+--------+--------+-----+--------+
         Total |   9100 |   8747 |    353 |    891 |   6932 |   8 | 1137.5 |
       Dungeon |   8661 |   8439 |    222 |    891 |   6628 |   7 | 1237.3 |
        Temple |    438 |    307 |    131 |      0 |    304 |   1 |  438.0 |
               +--------+--------+--------+--------+--------+-----+--------+

Top non-repeatable levels by time:
     D:7: 1700 daAuts
     D:4: 1650 daAuts
     D:3: 1516 daAuts
     D:1: 1343 daAuts
     D:5: 1154 daAuts
     D:6: 986 daAuts
  Temple: 438 daAuts
     D:2: 310 daAuts
